Unix NetHack Version 5.0.0-0 post-release - last build May 31 2026 23:59:36 (970b52f25bf058293b47ddfd14a1e40e571c508c,branch:main).

Game began 2026-06-09 08:18:52, ended 2026-06-09 08:48:37.

LDaviesPeters, neutral female human Archeologist

                                                                      ----
                                                                      |..---
                                                                    ---<...--
                                                                   |.%..|....
                                                                   -@-----...
                                                                  .h.|   ---
                                                                ....f
                                                                ......
                                                               ..>....
                                                             .....
                                                            ......
                                                             -....
                                                              ...

LDaviesPeters the Field Worker  St:13 Dx:10 Co:8 In:15 Wi:17 Ch:11  Neutral
Dlvl:4  $:0  HP:0(30) Pw:12(12) AC:5  Xp:3 T:2176  Satiated

Latest messages:
 The kitten bites the little dog.
 The kitten drops a stout spear.
 The kitten misses the little dog.
 The garter snake bites!
 You miss the garter snake.
 You kill the garter snake!
 You see here a potion of oil.
 The kitten picks up a stout spear.
 s - a potion of oil.
 What do you want to use or apply? [abglos or ?*] b
 You put 12 gold pieces into the sack.
 You put a potion of oil into the sack.
 The garter snake just misses!
 The garter snake bites!
 The kitten bites the little dog.
 The little dog bites the kitten.
 You lash the garter snake.
 The garter snake bites!
 You kill the garter snake!
 You see here 6 crude arrows.
 You swap places with your kitten.
 The kitten drops a stout spear.
 You kill the lichen!
 With great effort you move the boulder.
 You descend the stairs.
 You see here a gnome corpse.
 You miss the dwarf.
 The dwarf wields a broad short sword!
 You miss the dwarf.
 The dwarf thrusts his broad short sword.
 The dwarf misses!
 You miss the dwarf.
 The dwarf thrusts his broad short sword.
 The dwarf hits!
 You miss the dwarf.
 It hits!
 The dwarf thrusts his broad short sword.
 The dwarf misses!
 You miss the dwarf.
 It hits!
 The dwarf thrusts his broad short sword.
 The dwarf just misses!
 You lash the dwarf.
 It hits!
 You die...
 Do you want your possessions identified? [ynq] (y) y
 Do you want to see your attributes? [ynq] (y) y
 Do you want an account of creatures vanquished? [ynaq] (y) n
 Do you want to see your conduct and achievements? [ynq] (y) y
 Do you want to see the dungeon overview? [ynq] (y) n

Inventory:
 Weapons  (')')
  e - 2 +0 darts
  a - a +2 bullwhip (weapon in right hand)
 Armor    ('[')
  c - an uncursed +0 fedora (being worn)
  r - an uncursed burnt +0 pair of jumping boots (being worn)
  t - an uncursed +0 pair of levitation boots
  q - an uncursed +0 pair of water walking boots
  n - an uncursed +0 elven mithril-coat (being worn)
 Comestibles  ('%')
  k - 2 uncursed cram rations
  d - 3 uncursed food rations
  m - an uncursed lichen corpse
 Rings    ('=')
  j - an uncursed ring of slow digestion (on left hand)
 Tools    ('(')
  b - an uncursed sack containing 4 items
  l - an uncursed oil lamp
  o - a cursed towel named Cursed
 Gems/Stones  ('*')
  i - 2 uncursed opals
  g - an uncursed touchstone

Contents of the sack:
  33 gold pieces
  2 uncursed potions of healing
  an uncursed potion of oil
  a +0 pick-axe

LDaviesPeters the Archeologist's attributes:

Background:
 You were a Field Worker, a level 3 female human Archeologist.
 You were neutral, nominally on a mission for Camaxtli
 who was opposed by Quetzalcoatl (lawful) and Huhetotl (chaotic).
 You were right-handed.
 You were in the Gnomish Mines, on level 4.
 You entered the dungeon 2176 turns ago.
 You had 63 experience points, 17 more were needed to attain level 4.

Basics:
 You had 0 out of 30 hit points.
 You had all 12 energy points (spell power).
 Your armor class was 5.
 Your wallet was empty, but
 you had 33 zorkmids stashed away in your pack.
 Autopickup was off.

Final Characteristics:
 Your strength was 13 (limit:18/100).
 Your dexterity was 10 (peak:11, limit:18).
 Your constitution was 8 (limit:18).
 Your intelligence was 15 (limit:18).
 Your wisdom was 17 (limit:18).
 Your charisma was 11 (limit:18).

Final Status:
 You were satiated.
 You were unencumbered.
 You were wielding a whip.
 You had basic skill with whip.

Final Attributes:
 You were piously aligned.
 You had automatic searching.
 You could jump.
 You had slower digestion.
 You were guarded.
 You were lucky.
 You are dead.

Miscellaneous:
 You didn't encounter any bones levels.
 Total elapsed playing time was 29 minutes and 37 seconds.

Major events:
 Turn
    1: LDaviesPeters the neutral female human Archeologist entered the dungeon
  830: found Trollsbane in a shop
 1694: attained the rank of Field Worker (level 3)
 2051: entered the Gnomish Mines
 2176: killed by an invisible dwarf

You didn't know any spells.

Skills:
 Fighting Skills
   bare handed combat [Unskilled]
   two weapon combat  [Unskilled]
   riding             [Unskilled]
 Weapon Skills
   dagger             [Unskilled]
   knife              [Unskilled]
   pick-axe           [Basic]
   short sword        [Unskilled]
   saber              [Unskilled]
   club               [Unskilled]
   quarterstaff       [Unskilled]
   sling              [Unskilled]
   dart               [Unskilled]
   boomerang          [Unskilled]
   whip               [Basic]
   unicorn horn       [Unskilled]
 Spellcasting Skills
   attack spells      [Unskilled]
   healing spells     [Unskilled]
   divination spells  [Unskilled]
   matter spells      [Unskilled]

Voluntary challenges:
 Character rerolling was not enabled.
 You were an atheist.
 You were illiterate.
 You never genocided any monsters.
 You never polymorphed an object.
 You never changed form.
 You used no wishes.
Achievements:
 You entered a shop.
 You attained the rank of Field Worker.
 You entered the Gnomish Mines.

 The Dungeons of Doom: levels 1 to 4
    Level 1:
       Many fountains.
    Level 2:
       An armor shop.
    Level 3:
       A sink, a grave.
       Stairs down to The Gnomish Mines.
    Level 4:
 The Gnomish Mines:
    Level 4: <- You were here.
       Final resting place for
          you, killed by an invisible dwarf.


Vanquished creatures:
 an acid blob
  a coyote
  a hobbit
  a large kobold
  2 giant rats
  a gnome
  2 garter snakes
  a gnome zombie
  4 geckos
  6 jackals
  2 foxes
  2 kobolds
  5 grid bugs
  5 lichens
  a kobold zombie
  3 newts
38 creatures vanquished.

No species were genocided or became extinct.

Game over:
                       ----------
                      /          \
                     /    REST    \
                    /      IN      \
                   /     PEACE      \
                  /                  \
                  |  LDaviesPeters   |
                  |      33 Au       |
                  |   killed by an   |
                  | invisible dwarf  |
                  |                  |
                  |                  |
                  |       2026       |
                 *|     *  *  *      | *
        _________)/\\_//(\/(/\)/\//\/|_)_______

Goodbye LDaviesPeters the Archeologist...

You died in The Gnomish Mines on dungeon level 4 with 432 points,
and 33 pieces of gold, after 2176 moves.
You were level 3 with a maximum of 30 hit points when you died.

